 Dungeon Crawl Stone Soup version 0.25.1-2-g60ff931df9 (webtiles) character file.

Game seed: 11081817607614324339

1395 Almogavar the Cleaver (level 8, -5/70 HPs)
             Began as a Hill Orc Fighter on Aug 31, 2020.
             Slain by an orc warrior
             ... wielding a +0 hand axe
              (11 damage)
             ... on level 5 of the Dungeon.
             The game lasted 00:16:27 (5080 turns).

Almogavar the Cleaver (Hill Orc Fighter)            Turns: 5080, Time: 00:16:27

Health: -5/70      AC: 14    Str: 27    XL:     8   Next: 68%
Magic:  8/8        EV:  7    Int:  8    God:
Gold:   212        SH: 10    Dex: 10    Spells: 7/7 levels left

rFire    . . .     SeeInvis .   b - +3 hand axe
rCold    + . .     Gourm    .   c - +0 kite shield
rNeg     . . .     Faith    .   y - +0 chain mail
rPois    .         Spirit   .   j - +2 helmet
rElec    .         Reflect  .   k - +0 cloak
rCorr    .         Harm     .   (no gloves)
MR       .....                  (no boots)
Stlth    ..........             (no amulet)
HPRegen  0.21/turn              s - +6 ring of strength
MPRegen  0.11/turn              H - ring of protection from cold

@: lightly drained
A: no striking features
a: no special abilities


You were on level 5 of the Dungeon.
You were hungry.

You visited 1 branch of the dungeon, and saw 6 of its levels.

You collected 236 gold pieces.
You spent 24 gold pieces at shops.

Inventory:

Hand Weapons
 a - a +0 war axe
 b - a +3 hand axe (weapon)
Armour
 c - a +0 kite shield (worn)
 j - a +2 helmet (worn)
 k - a +0 cloak (worn)
 y - a +0 chain mail (worn)
 z - a +3 chain mail
Jewellery
 h - an uncursed ring of see invisible
 m - an uncursed ring of positive energy
 s - a +6 ring of strength (left hand)
 v - a +6 ring of strength
 H - a ring of protection from cold (right hand)
Wands
 r - a wand of clouds (2)
 C - a wand of random effects (21)
 E - a wand of digging (5)
Scrolls
 g - a scroll of enchant weapon
 l - a scroll of fog
 n - 4 scrolls of teleportation
 q - a scroll of amnesia
 F - a scroll of magic mapping
Potions
 d - a potion of might
 e - 5 potions of heal wounds
 i - 2 potions of magic {unknown}
 o - 4 potions of curing {unknown}
 p - 3 potions of stabbing {unknown}
 t - 2 potions of lignification {unknown}
 u - 3 potions of brilliance {unknown}
 w - a potion of mutation {unknown}
 x - a potion of berserk rage {unknown}
 A - a potion of haste {unknown}
 B - a potion of resistance {unknown}
 D - a potion of invisibility {unknown}
Comestibles
 f - 11 rations


   Skills:
 + Level 5.9(5.7) Fighting
 + Level 9.1(8.9) Axes
 + Level 6.1(5.9) Armour
 + Level 1.5(1.3) Dodging
 + Level 5.8(5.6) Shields


You had 7 spell levels left.
You didn't know any spells.
Your spell library contained the following spells:

 Spells                   Type           Power        Failure   Level  Hunger
 Animate Skeleton         Necr           N/A          100%        1    ##.....
 Apportation              Tloc           #.....       100%        1    ##.....
 Corona                   Hex            #......      100%        1    ##.....
 Summon Small Mammal      Summ           #...         100%        1    ##.....


Dungeon Overview and Level Annotations

Branches:
Dungeon (6/15)             Temple (0/1) D:6

Altars:
Okawaru
Vehumet
Wu Jian
Xom

Shops:
D:4 *   D:5 (


Message History

You hit the orc warrior but do no damage.
The orc warrior is severely wounded.
You block the orc warrior's attack.
You barely miss the orc warrior.
The orc warrior is severely wounded.
You barely miss the orc warrior.
The orc warrior is severely wounded.
The orc warrior hits you but does no damage.
All of the chunks of flesh in your inventory have rotted away.
You hit the orc warrior but do no damage.
The orc warrior is severely wounded.
The orc warrior hits you but does no damage.
Your chain mail prevents you from hitting the orc warrior.
The orc warrior is severely wounded.
The orc warrior hits you with a +0 hand axe!
* * * LOW HITPOINT WARNING * * *
You hit the orc warrior but do no damage.
The orc warrior is severely wounded.
The orc warrior hits you with a +0 hand axe!
You die...

### ### ## #.############.# #.
#....(.......#.# #.
#.#............# #.
#############.##.#######...##
#.
...................#........#
#.
.###..........##.#.#.####...#
#. .#
#..........##o#.#.####...####.
.#
#..........##@)...............
.#
#..........#.#.#.#.#.#.#.#....
.#
#.........#.#.#.#.#.#.#.#.#...
.#
#.........+#.#.#.#.#.#(#.#.##.
.#
#.........#.#.#.#.#.#.#.#.###.
.#
######'#+#.#.#.#.#.#.#.#.#....
.# ##.#.#.#.#.#.#.#.#.#.###.
.# #.#.#.#.#.#.#.#.#.#.#.##.
.# ##.#.#.#.#.#.#.#.#.#.#.#.


You could see an orc warrior.

Vanquished Creatures
  The ghost of infcreate the Skirmisher, a novice HuBe of Trog (D:5)
  A hungry ghost (D:5)
  An ice beast (D:5)
  2 scorpions
  4 wights (D:6)
  A centaur zombie (D:5)
  A howler monkey (D:3)
  A crimson imp (D:4)
  A hound (D:4)
  2 orc priests
  7 orc wizards
  A worker ant (D:5)
  A gnoll (D:5)
  8 adders
  A shadow imp (D:5)
  An adder skeleton (D:5)
  An adder zombie (D:5)
  4 worms
  A leopard gecko (D:1)
  16 orcs
  7 bats
  8 giant cockroaches
  4 goblins
  6 hobgoblins
  10 jackals
  2 quokkas (D:3)
  7 frilled lizards
  5 kobolds (D:1)
  A quokka zombie (D:5)
  3 rats
109 creatures vanquished.

Notes
Turn   | Place    | Note
-------+----------+-------------------------------------------
     0 | D:1      | Almogavar the Hill Orc Fighter began the quest for the Orb.
     0 | D:1      | Reached XP level 1. HP: 19/19 MP: 1/1
   277 | D:1      | Reached XP level 2. HP: 26/27 MP: 2/2
   517 | D:1      | Reached skill level 3 in Axes
   593 | D:1      | Reached XP level 3. HP: 33/33 MP: 3/3
  1066 | D:2      | You fall into a shaft and drop 2 floors!
  1112 | D:4      | Reached XP level 4. HP: 34/41 MP: 4/4
  1116 | D:4      | Reached skill level 4 in Axes
  1205 | D:4      | Found Acost's General Store.
  1209 | D:4      | Bought a scroll of identify for 24 gold pieces
  1309 | D:3      | Reached XP level 5. HP: 30/47 MP: 5/5
  1316 | D:3      | Reached skill level 5 in Axes
  1942 | D:3      | Found a radiant altar of Vehumet.
  2135 | D:3      | Reached XP level 6. HP: 50/53 MP: 6/6
  2141 | D:3      | Reached skill level 6 in Axes
  2266 | D:3      | Found an ornate altar of the Wu Jian Council.
  2833 | D:2      | Found an iron altar of Okawaru.
  3286 | D:4      | Reached XP level 7. HP: 60/60 MP: 7/7
  3622 | D:5      | Entered Level 5 of the Dungeon
  3638 | D:5      | Reached skill level 5 in Fighting
  3642 | D:5      | Found Qemaafytz's Weapon Boutique.
  3716 | D:5      | Reached skill level 7 in Axes
  3790 | D:5      | Noticed a hungry ghost
  3816 | D:5      | Killed a hungry ghost
  3816 | D:5      | Reached skill level 5 in Armour
  3816 | D:5      | Reached skill level 1 in Dodging
  3816 | D:5      | Reached skill level 5 in Shields
  4018 | D:5      | Found a runed translucent door.
  4133 | D:5      | Noticed infcreate's ghost (novice HuBe)
  4166 | D:5      | Found a shimmering altar of Xom.
  4167 | D:5      | Found a shimmering altar of Xom.
  4228 | D:5      | Reached XP level 8. HP: 68/69 MP: 8/8
  4283 | D:5      | Reached skill level 8 in Axes
  4834 | D:5      | Killed infcreate's ghost
  5027 | D:6      | Reached skill level 9 in Axes
  5080 | D:5      | Slain by an orc warrior

Illustrated notes

Levels and vault maps discovered:
D:1:      dpeg_arrival_tiny_b, layout_basic, chequers_serial_rivers_large_b
D:2:      layout_rooms, kennysheep_okawaru_gauntlet, first_ration
D:3:      layout_loops_ring, lemuel_doored_altar, marbit_many_paths
D:4:      layout_basic, serial_shops, shop, serial_bayou_ford_a
D:5:      layout_basic, xom_redecorated, serial_shops, nicolae_shop_stone,
          ebering_ghost_inner_flame, hex_intersection
D:6:      layout_rooms, minmay_temple_entry_hall, serial_shops, shop,
          nicolae_shop_trees, shop, shop, shop, portal_sewer_entry_a

Skill      XL: |  1  2  3  4  5  6  7  8 |
---------------+-------------------------+-----
Fighting       | 4 5 |  5.9
Axes           | 3 4 5 6 7 9 |  9.1
Shields        | 4 5 |  5.8
Armour         | 4 5 6 |  6.1
Dodging        | 1 |  1.5

Action                   |  1- 3 |  4- 6 |  7- 9 || total
-------------------------+-------+-------+-------++-------
Melee: War axe           |    73 |   164 |   150 ||   387
       Hand axe          |       |       |    24 ||    24
  Use: Scroll            |     2 |     3 |     3 ||     8
  Eat: Chunk             |       |     8 |     7 ||    15
       Ration            |       |       |     2 ||     2
Armor: Scale mail        |    31 |    72 |       ||   103
       Chain mail        |       |     5 |    54 ||    59
Dodge: Dodged            |    20 |    43 |    36 ||    99
Block: Kite shield       |    34 |    97 |    78 ||   209
